 Dungeon Crawl Stone Soup version 0.29-a0-542-g075992c915 (webtiles) character file.

Game seed: 10027314485079011081

364722 JosephDoom the Brawler (level 21, 0/218 HPs)
             Began as a Troll Gladiator on June 3, 2022.
             Was the Champion of Cheibriados.
             Slain by a quicksilver ooze (6 damage)
             ... created by the Royal Jelly
             ... on level 4 of the Pits of Slime on June 4, 2022.
             The game lasted 04:54:32 (43784 turns).

JosephDoom the Brawler (Troll Gladiator)           Turns: 43784, Time: 04:54:32

Health: 0/218      AC: 14    Str: 45    XL:     21   Next: 56%
Magic:  0/24       EV: 16    Int: 19    God:    Cheibriados [******]
Gold:   2407       SH: 33    Dex: 28    Spells: 27/30 levels left

rFire   x . .      SeeInvis +     - Unarmed
rCold   + + +      Faith    .   N - +10 tower shield of Ignorance {rN+ Int-4}
rNeg    + + .      Spirit   +   w - +0 ice dragon scales "Cerais" {rPois rF- rC++}
rPois   +          Reflect  .   f - +3 crown of Dyrovepreva {rElec Int+2 SInv}
rElec   +          Harm     .   g - scarf {repulsion}
rCorr   .          Rampage  .   (gloves unavailable)
Will    +++..      Clarity  +   (boots unavailable)
Stlth   +.........              t - amulet "Ruam" {Spirit rElec Will+ Slay+2}
HPRegen 1.26/turn               o - ring of Funoj {rElec rPois rC+ Dex+2}
MPRegen 0.19/turn               Z - ring "Fiommo" {Drain Fly rPois rN+}

@: mighty, corroded, flying, invisible, repel missiles, unable to read, very
slow
A: large, unfitting armour, claws 3, regeneration 1, shaggy fur 1, tough skin 1,
talons 1, clarity, low MP 1, strong-willed 1, screaming 1, weak 2, inability to
read while threatened
}: 2/15 runes: barnacled, gossamer
a: Renounce Religion, Bend Time, Temporal Distortion, Slouch, Step From Time


You were on level 4 of the Pits of Slime.
You worshipped Cheibriados.
Cheibriados was exalted by your worship.
You visited 8 branches of the dungeon, and saw 40 of its levels.
You also visited: Gauntlet and Ice Cave.

You collected 4443 gold pieces.
You spent 2036 gold pieces at shops.

Inventory:

Missiles
 c - 12 throwing nets
 d - 2 atropa-tipped darts
 h - 736 stones
 l - 74 poisoned darts
 v - 2 silver javelins
 F - 33 large rocks
 J - 17 boomerangs (quivered)
 U - 2 curare-tipped darts
 W - a javelin
Armour
 f - the +3 crown of Dyrovepreva (worn) {rElec Int+2 SInv}
   (You bought it in a shop on level 2 of the Orcish Mines)

   Int:       It affects your intelligence (+2).
   rElec:     It insulates you from electricity.
   SInv:      It lets you see invisible.
 g - a scarf of repulsion (worn)
 q - the +3 troll leather armour of Past Mistakes {Fly Regen+}
   (You took it off a deep elf zephyrmancer on level 3 of the Elven Halls)

   Fly:       It grants you flight.
   Regen:     It increases your rate of health regeneration.
 w - the +0 ice dragon scales "Cerais" (worn) {rPois rF- rC++}
   (You found it in an ice cave)

   rF:        It makes you vulnerable to fire.
   rC:        It greatly protects you from cold.
   rPois:     It protects you from poison.
 N - the +10 tower shield of Ignorance (worn) {rN+ Int-4}
   (You found it on level 4 of the Shoals)

   Int:       It affects your intelligence (-4).
   rN:        It protects you from negative energy.
Jewellery
 o - the ring of Funoj (left claw) {rElec rPois rC+ Dex+2}
   (You bought it in a shop on level 2 of the Orcish Mines)

   [ring of protection from cold]

   Dex:       It affects your dexterity (+2).
   rC:        It protects you from cold.
   rElec:     It insulates you from electricity.
   rPois:     It protects you from poison.
 t - the amulet "Ruam" (around neck) {Spirit rElec Will+ Slay+2}
   (You found it on level 2 of the Lair of Beasts)

   [amulet of guardian spirit]

   It causes incoming damage to be divided between your reserves of health and
   magic.
   Slay:      It affects your accuracy & damage with ranged weapons and melee
   (+2).
   rElec:     It insulates you from electricity.
   Will:      It increases your willpower.
 y - the amulet "Dacsuic" {Acrobat Contam Int+8 Dex+7}
   (You found it in an ice cave)

   [amulet of the acrobat]

   It increases your evasion while moving and waiting.
   Int:       It affects your intelligence (+8).
   Dex:       It affects your dexterity (+7).
   Contam:    It causes magical contamination when unequipped.
 C - an amulet of reflection
 Z - the ring "Fiommo" (right claw) {Drain Fly rPois rN+}
   (You found it on level 1 of the Lair of Beasts)

   [ring of poison resistance]

   rPois:     It protects you from poison.
   rN:        It protects you from negative energy.
   Fly:       It grants you flight.
   Drain:     It drains your maximum health when unequipped.
Wands
 j - a wand of charming (3)
 s - a wand of iceblast (23)
 D - a wand of mindburst (24)
 R - a wand of digging (2)
 S - a wand of flame (26)
 V - a wand of acid (16)
Scrolls
 r - a scroll of blinking
 x - a scroll of brand weapon
 I - 12 scrolls of teleportation
 M - 6 scrolls of fear
 O - 4 scrolls of magic mapping
 P - 6 scrolls of fog
Potions
 b - 2 potions of invisibility
 k - 3 potions of lignification
 m - 4 potions of heal wounds
 n - 8 potions of brilliance
 u - 2 potions of mutation
 z - 2 potions of magic
 A - 3 potions of cancellation
 Q - 6 potions of ambrosia
 T - 3 potions of berserk rage
 X - 6 potions of might
 Y - 13 potions of curing
Miscellaneous
 a - a condenser vane
 e - a phantom mirror
 i - a phial of floods
 p - a condenser vane
 B - a lightning rod (4/4)
 E - a condenser vane
 G - a box of beasts
 K - a tin of tremorstones (2/2)


   Skills:
 + Level 15.3 Fighting
 + Level 15.8 Throwing
 * Level 12.0 Armour
 - Level 10.2 Dodging
 + Level 15.3 Shields
 + Level 17.1 Unarmed Combat
 - Level 5.0 Spellcasting
 - Level 4.1 Translocations


You had 27 spell levels left.
You knew the following spells:

 Your Spells              Type           Power      Damage    Failure   Level
a - Apportation           Tloc           40%        N/A       10%         1
b - Blink                 Tloc           40%        N/A       14%         2

Your spell library contained the following spells:

 Spells                   Type           Power      Damage    Failure   Level
 Lesser Beckoning         Tloc           20%        N/A       28%         3
 Magic Dart               Conj           16%        1d3       45%         1
 Necrotize                Necr           16%        1d4       45%         1
 Shock                    Conj/Air       16%        1d4       45%         1
 Slow                     Hex            16%        N/A       45%         1
 Summon Small Mammal      Summ           16%        N/A       45%         1
 Portal Projectile        Hex/Tloc       24%        N/A       56%         3
 Call Imp                 Summ           4%         N/A       61%         2
 Poisonous Vapours        Pois/Air       8%         N/A       61%         2
 Sublimation of Blood     Necr           4%         N/A       61%         2
 Passage of Golubria      Tloc           20%        N/A       67%         4
 Call Canine Familiar     Summ           4%         N/A       83%         3
 Confusing Touch          Hex            4%         N/A       83%         3
 Conjure Flame            Conj/Fire      4%         6-21      83%         3
 Ignite Poison            Fire/Tmut/Pois 4%         N/A       83%         3
 Inner Flame              Hex/Fire       4%         N/A       83%         3
 Mephitic Cloud           Conj/Pois/Air  4%         N/A       83%         3
 Spider Form              Tmut/Pois      4%         N/A       83%         3
 Summon Guardian Golem    Hex/Summ       4%         N/A       83%         3
 Swiftness                Air            4%         N/A       83%         3
 Vampiric Draining        Necr           4%         2d6       83%         3
 Manifold Assault         Tloc           20%        N/A       95%         5
 Airstrike                Air            2%         N/A       99%         4
 Animate Dead             Necr           4%         N/A       99%         4
 Corpse Rot               Necr/Pois/Air  4%         N/A       99%         4
 Dispel Undead            Necr           4%         3d7       99%         4
 Agony                    Necr           4%         N/A       100%        5
 Alistair's Intoxication  Tmut/Pois      2%         N/A       100%        5
 Fireball                 Conj/Fire      2%         3d4       100%        5
 Freezing Cloud           Conj/Ice/Air   2%         6-21      100%        5
 Iskenderun's Battlesphe  Conj           4%         2d6       100%        5
 Metabolic Englaciation   Hex/Ice        2%         N/A       100%        5
 Silence                  Hex/Air        2%         N/A       100%        5
 Yara's Violent Unravell  Hex/Tmut       2%         3d3       100%        5
 Conjure Ball Lightning   Conj/Air       2%         3x3d6     100%        6
 Death Channel            Necr           2%         N/A       100%        6
 Iron Shot                Conj/Erth      2%         9d2       100%        6
 Simulacrum               Ice/Necr       2%         N/A       100%        6
 Statue Form              Tmut/Erth      2%         N/A       100%        6
 Orb of Destruction       Conj           2%         9d5       100%        7
 Spellforged Servitor     Conj/Summ      2%         N/A       100%        7
 Storm Form               Tmut/Air       2%         N/A       100%        7
 Borgnjor's Revivificati  Necr           2%         N/A       100%        8
 Lehudib's Crystal Spear  Conj/Erth      2%         10d2      100%        8
 Necromutation            Tmut/Necr      2%         N/A       100%        8
 Death's Door             Necr           2%         N/A       100%        9


Dungeon Overview and Level Annotations

Branches:
Dungeon (15/15)            Temple (0/1) D:7            Lair (6/6) D:9
 Shoals (4/4) Lair:2       Spider (4/4) Lair:4        Slime (5/5) Lair:6
    Orc (2/2) D:9             Elf (3/3) Orc:2        Vaults (1/5) D:14
 Depths (0/4) D:15          IceCv (visited)         Gauntlet (visited)

Altars:
Ashenzari
Cheibriados
Okawaru
Qazlal
Uskayaw
Vehumet
Yredelemnul
Beogh
Jiyva

Shops:
D:5 *   D:8 =   Orc:2 =[[=(   Shoals:2 =

Portals:
Abyss: Lair:4

Annotations:
Lair:4 2 transporters, Zesag's ghost, journeyman DsVM
Lair:5 2 transporters, Meag's ghost, journeyman DjFE
Slime:5 1 exclusion, Royal Jelly
Elf:3 1 runed translucent door, lurch's ghost, adept VSNe


Innate Abilities, Weirdness & Mutations

You are too large for most types of armour.
You have claws for hands.
Your natural rate of healing is unusually fast.
You are covered in fur. (AC +1)
You have tough skin. (AC +1)
You have sharp toenails.
You possess an exceptional clarity of mind.
Your magical capacity is low. (-10% MP)
You are strong-willed. (Will+)
You occasionally shout uncontrollably at your foes.
You are very weak. (Str -4)
You sometimes lose the ability to read scrolls when taking damage.


Message History

You feel your power leaking away. You block the acid blob's attack.
The acid blob spits acid at you.
The splash of acid is repelled.
The splash of acid hits the rockslime.
The rockslime seems to be corroded for longer.
You block the azure jelly's attack. x2
The azure jelly hits you but does no damage. x2
The rockslime hits you!!
* * * LOW HITPOINT WARNING * * *
You hold your ground!
The quicksilver ooze misses you. The quicksilver ooze hits you!
* * * LOW HITPOINT WARNING * * *
You cannot read scrolls in your current state!
Okay, then.
Okay, then.
You fade into invisibility!
The acid blob spits acid at you. You block the splash of acid.
You block the quicksilver ooze's attack.
The quicksilver ooze hits you but does no damage.
The acid blob hits you.
* * * LOW HITPOINT WARNING * * *
You are splashed with acid!
* * * LOW HITPOINT WARNING * * *
The azure jelly closely misses you. You block the azure jelly's attack.
The azure jelly completely misses you. The azure jelly closely misses you.
The rockslime closely misses you.
You cannot read scrolls in your current state!
You feel much better.
You block the quicksilver ooze's attack. x2
The acid blob spits acid at you.
The splash of acid is repelled.
The acid blob spits acid at you. The splash of acid hits you!!
* * * LOW HITPOINT WARNING * * *
The azure jelly hits you but does no damage.
You block the azure jelly's attack. x2; The azure jelly hits you.
* * * LOW HITPOINT WARNING * * *
You block the rockslime's attack. The quicksilver ooze hits you. x2
You die...

#..............###.#.#*
##...............###...#
#.............#.##.##.##
##........#..........##
#.....................##
##.....................#
#................#.#,..#
##........J.......###.#*
##......J@...........##
#.......JJJ<..........#***
##....................##.#
#........................
##......................#
#..............#.......#
##........#.#.###......#
*#........#...## #####.##
#...#......#.## *##


You could see 2 acid blobs, an azure jelly, a rockslime (corroded) and a
quicksilver ooze.

Vanquished Creatures
  A shard shrike (IceCv)
  Jorgrun (Shoals:1)
  7 deep elf blademasters
  5 deep elf master archers (Elf:3)
  13 acid blobs
  2 sphinxes (Vaults:1)
  Gastronok (Lair:2)
  Polyphemus (Shoals:1)
  Frances (D:12)
  Roxanne (D:14)
  12 azure jellies
  12 rockslimes
  4 deep elf sorcerers
  3 emperor scorpions
  The ghost of FIQ the Sorcerer, an adept DjCj of Makhleb (Spider:4)
  An orc warlord (Vaults:1)
  Louise (Spider:4)
  2 vault wardens (Vaults:1)
  2 deep elf elementalists (Elf:3)
  4 ghost moths
  2 ironbound preservers (Vaults:1)
  10 quicksilver oozes
  4 broodmothers
  An ironbound thunderhulk (Vaults:1)
  2 very ugly things (Vaults:1)
  A white draconian (IceCv)
  A minotaur (Gauntlet)
  A dire elephant (Lair:6)
  3 entropy weavers
  8 deep elf annihilators (Elf:3)
  Azrael (D:12)
  3 spark wasps
  An ettin (Orc:1)
  Snorg (Orc:2)
  2 crystal guardians (Vaults:1)
  4 merfolk javelineers
  3 yaktaur captains (Vaults:1)
  3 deep elf death magi (Elf:3)
  A fire dragon (Lair:4)
  3 deep elf high priests (Elf:3)
  6 merfolk impalers
  4 great orbs of eyes
  Harold (D:10)
  4 vault guards (D:14)
  A hydra (shapeshifter) (D:15)
  4 jorogumos
  A peacekeeper (Vaults:1)
  4 hydras
  2 catoblepae
  6 centaur warriors
  5 merfolk avatars
  6 ironbound frosthearts
  7 boulder beetles
  A radroach (Spider:4)
  24 dancing weapons
  2 merfolk aquamancers
  2 satyrs
  8 death yaks
  2 two-headed ogres
  An orc high priest (Elf:2)
  27 deep elf knights
  3 tengu warriors
  Lodul (D:12)
  8 pharaoh ants
  12 sea snakes
  Amaemon (Lair:3)
  10 deep trolls (Vaults:1)
  4 orb spiders
  3 steelbarb worms (Spider:2)
  11 deep elf archers
  An orange crystal statue (IceCv)
  15 harpies
  3 ironbound convokers (Vaults:1)
  6 lindwurms (Vaults:1)
  2 wizards
  39 deep elf pyromancers
  9 orc sorcerers
  6 orc knights
  29 deep elf zephyrmancers
  22 wolf spiders
  2 moths of wrath (Spider:1)
  21 ugly things
  13 fauns
  10 manticores
  3 shining eyes
  11 merfolk sirens
  A salamander (D:15)
  4 cyclopes
  4 black mambas
  An ice statue (Gauntlet)
  4 vault sentinels (Vaults:1)
  6 water nymphs
  6 gargoyles
  A torpor snail (Spider:3)
  An orange demon (Lair:3)
  An unseen horror (D:11)
  A kobold demonologist (D:13)
  19 cane toads
  6 demonic crawlers
  30 rime drakes
  13 komodo dragons
  2 minotaur zombies (Gauntlet)
  3 tengu conjurers
  An anaconda simulacrum (D:14)
  6 yaktaurs
  2 entropy weaver simulacra (D:14)
  27 polar bears
  36 merfolk
  A troll (D:15)
  2 hornets
  Grinder (D:3)
  99 slime creatures
  6 meliai
  8 wind drakes
  A hornet (shapeshifter) (Elf:3)
  48 blink frogs
  4 dream sheep
  35 tarantellas
  7 snapping turtles
  3 air elementals (Elf:1)
  2 centaur simulacra
  34 jumping spiders
  A dire elephant simulacrum (D:14)
  28 culicivoras
  A shadow (D:12)
  3 wraiths
  5 wyverns
  39 yaks
  5 fire elementals
  6 water elementals
  The ghost of Longtemps the Covered, an amateur MiFi (D:4)
  13 golden eyes
  12 steam dragons
  A basilisk (D:14)
  39 redbacks
  2 harpy simulacra (D:14)
  7 wargs
  3 acid dragons
  2 vampire mosquitoes (D:10)
  2 swamp worms (Gauntlet)
  4 hell hounds (D:12)
  16 water moccasins
  3 black bears
  3 sky beasts
  25 orc warriors
  16 ogres
  5 boggarts
  19 wolves
  11 centaurs
  A phantom (D:7)
  6 kobold brigands
  Blork the orc (D:6)
  19 bullfrogs
  5 scorpions
  3 gnoll sergeants
  A deep troll simulacrum (D:14)
  3 earth elementals
  A necrophage (D:7)
  15 wights
  A lindwurm simulacrum (D:14)
  A water moccasin zombie (D:4)
  8 killer bees
  2 howler monkeys
  A bullfrog zombie (D:4)
  20 orc priests
  2 gnoll shamans
  3 hounds
  2 jellies
  Crazy Yiuf (D:3)
  A bullfrog skeleton (D:4)
  A centaur skeleton (D:4)
  An iron imp (D:3)
  2 iguanas (D:4)
  47 orc wizards
  5 adders
  21 gnolls
  A white imp (D:5)
  A worm (D:3)
  3 dart slugs
  87 orcs
  8 ball pythons
  7 bats
  9 endoplasms
  3 giant cockroaches
  2 goblins
  7 hobgoblins
  4 jackals (D:1)
  33 kobolds
  A quokka (D:2)
  A frilled lizard (D:6)
  7 rats
1539 creatures vanquished.

Vanquished Creatures (collateral kills)
  A pharaoh ant (Spider:4)
  3 wolf spiders (Spider:4)
  A jumping spider (Spider:4)
  A culicivora (Spider:4)
6 creatures vanquished.

Vanquished Creatures (others)
  A broodmother (Spider:2)
  2 deep elf knights
  A pharaoh ant (Spider:4)
  A deep elf pyromancer (Elf:3)
  A cyclops (D:12)
  A centaur (D:15)
  A bush (Lair:6)
  44 fungi
  136 plants
  4 tentacles (Shoals:1)
192 creatures vanquished.

Grand Total: 1737 creatures vanquished

Notes
Turn   | Place    | Note
-------+----------+-------------------------------------------
     0 | D:1      | JosephDoom the Troll Gladiator began the quest for the Orb.
     0 | D:1      | Reached XP level 1. HP: 19/19 MP: 0/0
   125 | D:1      | Reached XP level 2. HP: 28/28 MP: 1/1
   615 | D:1      | Found a faded altar of an unknown god.
   623 | D:1      | Reached XP level 3. HP: 29/35 MP: 2/2
  1200 | D:2      | Reached skill level 4 in Unarmed Combat
  1410 | D:3      | Reached XP level 4. HP: 40/44 MP: 3/3
  1583 | D:3      | Noticed Grinder
  1626 | D:3      | Killed Grinder
  1627 | D:3      | Reached skill level 5 in Unarmed Combat
  1627 | D:3      | Reached XP level 5. HP: 36/54 MP: 4/4
  1627 | D:3      | Reached XP level 6. HP: 42/62 MP: 5/5
  1893 | D:3      | Identified the +7 dagger of Riod {freeze, Will- MP+9 Int+4}
  2063 | D:3      | Found a runed translucent door.
  2064 | D:3      | Noticed Crazy Yiuf
  2185 | D:3      | Found a snail-covered altar of Cheibriados.
  2192 | D:3      | Became a worshipper of Cheibriados the Contemplative
  2407 | D:3      | Killed Crazy Yiuf
  2588 | D:4      | Found a transporter.
  2590 | D:4      | Noticed Longtemps's ghost (amateur MiFi)
  2628 | D:4      | Found a transporter.
  2642 | D:4      | Noticed a water moccasin
  2653 | D:4      | Killed a water moccasin
  2654 | D:4      | Reached skill level 6 in Unarmed Combat
  2654 | D:4      | Reached XP level 7. HP: 36/71 MP: 6/6
  2905 | D:5      | Entered Level 5 of the Dungeon
  2919 | D:5      | Reached skill level 5 in Fighting
  3024 | D:5      | Found Bimunn's Assorted Antiques.
  3031 | D:5      | Reached * piety under Cheibriados
  3049 | D:5      | Bought a thick robe for 159 gold pieces
  3049 | D:5      | Identified the +1 robe "Liaghot" {Contam Harm Regen+ Dex+8}
                  | (You bought it in a shop on level 5 of the Dungeon)
  3049 | D:5      | Bought a scroll labelled ETUBLA VADO for 28 gold pieces
  3049 | D:5      | Bought a viscous dark potion for 25 gold pieces
  3049 | D:5      | Bought a white potion for 25 gold pieces
  3069 | D:5      | Found an iron altar of Okawaru.
  3100 | D:5      | Found a broken altar of Ashenzari.
  3182 | D:5      | Reached skill level 7 in Unarmed Combat
  3182 | D:5      | Reached XP level 8. HP: 80/81 MP: 7/7
  3612 | D:6      | Noticed Blork the orc
  3622 | D:6      | Killed Blork the orc
  3717 | D:6      | Reached ** piety under Cheibriados
  4697 | D:7      | Reached XP level 9. HP: 89/89 MP: 8/8
  4702 | D:7      | Reached skill level 8 in Unarmed Combat
  4702 | D:7      | Found a staircase to the Ecumenical Temple.
  4859 | D:7      | Reached *** piety under Cheibriados
  5517 | D:8      | Reached skill level 5 in Throwing
  5552 | D:8      | Reached skill level 5 in Dodging
  5570 | D:8      | Found Wiplaomi's Jewellery Shoppe.
  6036 | D:9      | Reached **** piety under Cheibriados
  6046 | D:9      | Reached skill level 9 in Unarmed Combat
  6046 | D:9      | Reached XP level 10. HP: 91/102 MP: 9/9
  6142 | D:9      | Found a staircase to the Orcish Mines.
  6416 | D:9      | Found a stormy altar of Qazlal.
  6442 | D:9      | Noticed a two-headed ogre
  6448 | D:9      | Killed a two-headed ogre
  6647 | D:9      | Found a radiant altar of Vehumet.
  6702 | D:9      | Found a staircase to the Lair.
  6887 | D:9      | Reached ***** piety under Cheibriados
  7092 | Lair:1   | Entered Level 1 of the Lair of Beasts
  7168 | Lair:1   | Noticed a black mamba
  7174 | Lair:1   | Killed a black mamba
  7196 | Lair:1   | Noticed a cane toad
  7208 | Lair:1   | Killed a cane toad
  7209 | Lair:1   | Reached skill level 10 in Unarmed Combat
  7258 | Lair:1   | Noticed a cane toad
  7264 | Lair:1   | Killed a cane toad
  7265 | Lair:1   | Reached XP level 11. HP: 73/111 MP: 10/10
  7454 | Lair:1   | Identified the ring "Fiommo" {Drain Fly rPois rN+}
  8024 | Lair:2   | Identified the amulet "Ruam" {Spirit rElec Will+ Slay+2}
  8051 | Lair:2   | Identified the ring "Geowoc" {rN+ Int+2 SInv}
  8289 | Lair:2   | Noticed Gastronok
  8304 | Lair:2   | Killed Gastronok
  8473 | Lair:2   | Noticed a death yak
  8473 | Lair:2   | Noticed a death yak
  8473 | Lair:2   | Noticed a death yak
  8473 | Lair:2   | Noticed a death yak
  8474 | Lair:2   | Noticed a death yak
  8481 | Lair:2   | Killed a death yak
  8489 | Lair:2   | Killed a death yak
  8496 | Lair:2   | Killed a death yak
  8497 | Lair:2   | Reached XP level 12. HP: 126/126 MP: 11/11
  8500 | Lair:2   | Killed a death yak
  8506 | Lair:2   | Killed a death yak
  8746 | Lair:2   | Found a staircase to the Shoals.
  9199 | Lair:3   | Found a gate leading to a gauntlet.
  9209 | Gauntlet | Entered a Gauntlet
  9209 | Gauntlet | Found a transporter.
  9224 | Gauntlet | Found a transporter.
  9224 | Gauntlet | Found a transporter.
  9226 | Gauntlet | Found a transporter.
  9235 | Gauntlet | Found a transporter.
  9237 | Gauntlet | Found a transporter.
  9238 | Gauntlet | Found a transporter.
  9242 | Gauntlet | Noticed a great orb of eyes
  9247 | Gauntlet | Found a transporter.
  9249 | Gauntlet | Found a transporter.
  9250 | Gauntlet | Found a transporter.
  9258 | Gauntlet | Found a transporter.
  9258 | Gauntlet | Noticed a great orb of eyes
  9261 | Gauntlet | Found a transporter.
  9262 | Gauntlet | Found a transporter.
  9266 | Gauntlet | Found a runed translucent door.
  9268 | Gauntlet | Found a runed translucent door.
  9270 | Gauntlet | Found a transporter.
  9363 | Gauntlet | Reached skill level 10 in Fighting
  9444 | Gauntlet | Noticed a minotaur
  9450 | Gauntlet | Killed a minotaur
  9462 | Gauntlet | Reached ****** piety under Cheibriados
  9574 | Lair:3   | Noticed Amaemon
  9588 | Lair:3   | Killed Amaemon
 10320 | Lair:4   | Noticed an eight-headed hydra
 10325 | Lair:4   | Killed an eight-headed hydra
 10326 | Lair:4   | Reached skill level 10 in Throwing
 10443 | Lair:4   | Found a transporter.
 10444 | Lair:4   | Found a transporter.
 10447 | Lair:4   | Identified the +9 rapier "Talaat" {vorpal, Will+}
 10503 | Lair:4   | Noticed a green very ugly thing
 10513 | Lair:4   | Noticed Zesag's ghost (journeyman DsVM)
 10574 | Lair:4   | Reached skill level 11 in Unarmed Combat
 10587 | Lair:4   | Reached XP level 13. HP: 90/135 MP: 7/12
 10956 | Lair:4   | Noticed a fire dragon
 10961 | Lair:4   | Killed a fire dragon
 11190 | Lair:4   | Reached skill level 10 in Dodging
 11244 | Lair:4   | Found a hole to the Spider Nest.
 11767 | Lair:5   | Reached skill level 12 in Unarmed Combat
 11910 | Lair:5   | Found a transporter.
 11912 | Lair:5   | Found a transporter.
 11958 | Lair:5   | Noticed Meag's ghost (journeyman DjFE)
 12471 | Lair:6   | Entered Level 6 of the Lair of Beasts
 12565 | Lair:6   | Learned a level 1 spell: Apportation
 12568 | Lair:6   | Learned a level 2 spell: Blink
 12695 | Lair:6   | Reached XP level 14. HP: 148/148 MP: 13/13
 12725 | Lair:6   | Reached skill level 1 in Spellcasting
 13215 | Lair:6   | Identified the +5 flail "Miugeoro" {flame, rPois Int+4}
 13536 | Lair:6   | Identified the +10 rapier of Mayhem {holy, rPois}
 13695 | Lair:6   | Found a viscous altar of Jiyva.
 13696 | Lair:6   | Found a staircase to the Slime Pits.
 13930 | Lair:6   | Identified a scroll of acquirement
 13931 | Lair:6   | Acquired the +2 tower shield "Xyobryoc" {Str+2}
 14147 | Orc:1    | Entered Level 1 of the Orcish Mines
 14289 | Orc:1    | You are sucked into a shaft and drop 1 floor!
 14289 | Orc:2    | Entered Level 2 of the Orcish Mines
 14658 | Orc:2    | Noticed Snorg
 14669 | Orc:2    | Killed Snorg
 14670 | Orc:2    | Reached skill level 5 in Spellcasting
 14674 | Orc:2    | Reached skill level 1 in Translocations
 14698 | Orc:2    | Found a staircase to the Elven Halls.
 14700 | Orc:2    | Found Istroola's Weapon Emporium.
 15222 | Orc:2    | Reached skill level 1 in Shields
 15419 | Orc:2    | Found Utumept's Armour Boutique.
 15419 | Orc:2    | Found Piosiy's Jewellery Emporium.
 15955 | Orc:2    | Found Vacuotus's Antique Armour Emporium.
 15961 | Orc:2    | Found Sixemmobea's Jewellery Boutique.
 16025 | Orc:2    | Bought the +3 crown of Dyrovepreva {rElec Int+2 SInv} for
                  | 952 gold pieces
 16025 | Orc:2    | Found the +3 crown of Dyrovepreva {rElec Int+2 SInv}
 16230 | Shoals:1 | Entered Level 1 of the Shoals
 16235 | Shoals:1 | Noticed a kraken
 16412 | Shoals:1 | Reached skill level 5 in Shields
 16616 | Shoals:1 | Noticed Jorgrun
 16623 | Shoals:1 | Killed Jorgrun
 17003 | Shoals:1 | Reached XP level 15. HP: 156/156 MP: 21/21
 17104 | Shoals:1 | Identified the +0 helmet of Okawaru's Wrath {rN+}
 17699 | Shoals:2 | Noticed Polyphemus
 17717 | Shoals:1 | Killed Polyphemus
 18630 | Shoals:2 | Found Yffero's Jewellery Boutique.
 19120 | Orc:2    | Bought the ring of Funoj {rElec rPois rC+ Dex+2} for 663
                  | gold pieces
 19269 | D:10     | Entered Level 10 of the Dungeon
 19603 | D:10     | Noticed Harold
 19611 | D:10     | Killed Harold
 20173 | D:10     | Found a basalt altar of Yredelemnul.
 20598 | D:11     | Found an iron altar of Okawaru.
 20643 | D:11     | Reached skill level 13 in Unarmed Combat
 21054 | D:12     | Noticed Frances
 21057 | D:12     | Killed Frances
 21146 | D:12     | Noticed Azrael
 21223 | D:12     | Killed Azrael
 21243 | D:12     | Noticed Lodul
 21246 | D:12     | Killed Lodul
 22178 | D:13     | Got the Catalogue of Agnosticism
 23175 | Shoals:3 | Reached skill level 10 in Shields
 23240 | Shoals:3 | Reached XP level 16. HP: 99/167 MP: 11/22
 23424 | Shoals:3 | Noticed a kraken
 23744 | Shoals:4 | Entered Level 4 of the Shoals
 24305 | Shoals:4 | Found the +10 tower shield of Ignorance {rN+ Int-4}
 24444 | Shoals:4 | Reached skill level 14 in Unarmed Combat
 24660 | Shoals:4 | Got a barnacled rune of Zot
 24949 | Orc:2    | Bought an embroidered scarf for 184 gold pieces
 25238 | Spider:1 | Entered Level 1 of the Spider Nest
 25446 | Spider:1 | Identified the +0 buckler of the Desert {Harm rN+ rCorr}
 27227 | Spider:2 | Reached XP level 17. HP: 168/178 MP: 20/23
 29195 | Spider:4 | Entered Level 4 of the Spider Nest
 29255 | Spider:4 | Gained mutation: Your magical capacity is low. (-10% MP)
                  | [mutagenic glow]
 29266 | Spider:4 | Gained mutation: You are clumsy. (Dex -2) [mutagenic glow]
 29431 | Spider:4 | Found a hide-covered altar of Uskayaw.
 29752 | Spider:4 | Noticed Louise
 29768 | Spider:4 | Killed Louise
 29807 | Spider:4 | Found a runed translucent gate.
 29807 | Spider:4 | Found a runed translucent gate.
 29807 | Spider:4 | Found a runed translucent gate.
 29811 | Spider:4 | Noticed FIQ's ghost (adept DjCj)
 30238 | Spider:4 | Reached skill level 15 in Shields
 30613 | Spider:4 | Got a gossamer rune of Zot
 30614 | Spider:4 | Identified the +2 pair of boots of Moral Flaws {rN+}
 30964 | Spider:4 | Killed FIQ's ghost
 31010 | Spider:4 | Identified the +0 hat of Grace {Drain rPois Dex+6}
 31204 | Lair:4   | Found a one-way gate to the infinite horrors of the Abyss.
 31443 | D:4      | Killed Longtemps's ghost
 31498 | D:4      | Reached XP level 18. HP: 187/187 MP: 21/21
 31712 | D:14     | Found a frozen archway.
 31768 | IceCv    | Entered an ice cave
 31839 | IceCv    | Identified the +0 ice dragon scales "Cerais" {rPois rF-
                  | rC++}
 32123 | IceCv    | Reached skill level 15 in Unarmed Combat
 32123 | IceCv    | Reached XP level 19. HP: 196/196 MP: 19/22
 32152 | IceCv    | Noticed a shard shrike
 32155 | IceCv    | Reached skill level 1 in Armour
 32184 | IceCv    | Gained mutation: You have hidden genetic defects.
                  | [mutagenic glow]
 32314 | IceCv    | Found the +4 skin of Zhor {*Englaciate rC+++ SInv}
 32348 | IceCv    | Identified the amulet "Dacsuic" {Acrobat Contam Int+8
                  | Dex+7}
 32365 | IceCv    | Killed a shard shrike
 32791 | D:15     | Entered Level 15 of the Dungeon
 33154 | D:14     | Found a gate to the Vaults.
 33220 | D:14     | Reached skill level 5 in Armour
 33267 | D:14     | Identified Roxanne's Tome of Shape Shifting
 33267 | D:14     | Noticed Roxanne
 33277 | D:14     | Killed Roxanne
 34030 | Elf:1    | Entered Level 1 of the Elven Halls
 34129 | Elf:1    | Identified the +8 trident of Sharp Expedience {drain, rElec
                  | rPois rC- Str+9 Dex-2}
 34171 | Elf:1    | Gained mutation: You sometimes lose the ability to read
                  | scrolls when taking damage. [hidden defects]
 34213 | Elf:1    | Lost mutation: You sometimes lose the ability to read
                  | scrolls when taking damage. [potion of mutation]
 34213 | Elf:1    | Lost mutation: You have hidden genetic defects. [potion of
                  | mutation]
 34213 | Elf:1    | Lost mutation: You are clumsy. (Dex -2) [potion of
                  | mutation]
 34213 | Elf:1    | Gained mutation: You are dopey. (Int -2) [potion of
                  | mutation]
 34213 | Elf:1    | Gained mutation: You occasionally shout uncontrollably at
                  | your foes. [potion of mutation]
 34214 | Elf:1    | Lost mutation: Your magical capacity is low. (-10% MP)
                  | [potion of mutation]
 34214 | Elf:1    | Lost mutation: You are dopey. (Int -2) [potion of mutation]
 34214 | Elf:1    | Gained mutation: You are weak. (Str -2) [potion of
                  | mutation]
 34215 | Elf:1    | Lost mutation: You occasionally shout uncontrollably at
                  | your foes. [potion of mutation]
 34215 | Elf:1    | Lost mutation: You are weak. (Str -2) [potion of mutation]
 34215 | Elf:1    | Gained mutation: You possess an exceptional clarity of
                  | mind. [potion of mutation]
 34215 | Elf:1    | Gained mutation: You are strong-willed. (Will+) [potion of
                  | mutation]
 34215 | Elf:1    | Gained mutation: You have sharp toenails. [potion of
                  | mutation]
 35225 | Elf:1    | Paralysed by an air elemental for 1 turns
 35865 | Elf:2    | Found a runed translucent gate.
 35866 | Elf:2    | Found a runed translucent gate.
 35866 | Elf:2    | Found a runed translucent gate.
 36561 | Elf:3    | Entered Level 3 of the Elven Halls
 36578 | Elf:3    | Reached XP level 20. HP: 206/206 MP: 26/26
 36722 | Elf:3    | Noticed lurch's ghost (adept VSNe)
 36752 | Elf:3    | Found a runed translucent door.
 37385 | Elf:3    | Identified the +3 troll leather armour of Past Mistakes
                  | {Fly Regen+}
 37536 | Elf:3    | Reached skill level 16 in Unarmed Combat
 37829 | Elf:3    | Identified the +9 halberd "Lalemmonk" {vamp, Drain rElec
                  | Int+3}
 37873 | Elf:3    | Reached skill level 15 in Throwing
 37894 | Elf:3    | Got the Guide on the Enchanting Traveller
 37902 | Elf:3    | Got the Disquisition on the Blistering Frostbite
 37967 | Elf:3    | Identified the +11 mace "Piotod" {drain, rN+ Str+4}
 38726 | D:15     | Reached skill level 10 in Armour
 38840 | D:15     | Found a staircase to the Depths.
 39245 | Vaults:1 | Entered Level 1 of the Vaults
 40076 | Vaults:1 | Reached skill level 15 in Fighting
 40328 | Vaults:1 | Reached XP level 21. HP: 157/218 MP: 19/27
 41241 | Slime:1  | Entered Level 1 of the Pits of Slime
 41675 | Slime:5  | Entered Level 5 of the Pits of Slime
 41683 | Slime:5  | Gained mutation: You are weak. (Str -2) [a shining eye]
 41686 | Slime:5  | Gained mutation: You occasionally shout uncontrollably at
                  | your foes. [a shining eye]
 41687 | Slime:5  | Gained mutation: You are very weak. (Str -4) [a shining
                  | eye]
 41836 | Slime:4  | Gained mutation: You sometimes lose the ability to read
                  | scrolls when taking damage. [a shining eye]
 41837 | Slime:4  | Gained mutation: Your magical capacity is low. (-10% MP) [a
                  | shining eye]
 42583 | Slime:5  | Reached skill level 17 in Unarmed Combat
 42790 | Slime:5  | Noticed the Royal Jelly
 43784 | Slime:4  | HP: 6/218 [azure jelly[the Royal Jelly] (5)]
 43784 | Slime:4  | Slain by a quicksilver ooze

Illustrated notes

Levels and vault maps discovered:
D:1:      erik_arrival_blinker_ship, layout_basic,
          hellmonk_ecumenical_altar_crossroads, palyth_stone_intersect,
          grunt_decor_cap
D:2:      layout_loops_cross
D:3:      layout_basic, chei_slow_surprise, uniq_crazy_yiuf_cottage,
          uniq_grinder
D:4:      layout_rooms, gammafunk_ghost_mausoleum
D:5:      layout_gridville, mainiacjoe_overflow_surrounded_room,
          overflow_temple_1_default, serial_shops, nicolae_shop_window_shopping,
          supply_closet_lemuel
D:6:      layout_basic, lexackson_kobold_supper, uniq_blork_the_orc
D:7:      layout_loops_ring, minmay_temple_entry_tees
D:8:      layout_loops_cross, serial_shops, nicolae_lakefront_shop
D:9:      layout_irregular_city, nicolae_qazlal_scattered_showers,
          vehumet_altar_wand_db, lair_entry_dummy, david_orc_1_choice
D:10:     layout_stronghold, lemuel_coloured_pillars_altar, uniq_harold
D:11:     layout_roguey, minmay_misc_feat_enclosed, okawaru_trees_2
D:12:     layout_basic, lemuel_flame_loot_1, uniq_azrael, uniq_frances,
          uniq_lodul
D:13:     kennysheep_spiral_hall, layout_stronghold, minmay_bent
D:14:     layout_loops_ring, grunt_vaults_entry_fortified,
          portal_ice_cave_entry_ice_simulacra, minmay_misc_feat_square,
          uniq_roxanne
D:15:     hangedman_depths_entry_try_elsewhere_first, layout_long_grid
Lair:1:   layout_loops_ring
Lair:2:   layout_small_grid, shoals_dummy_entry, fungi_pond_lemuel,
          minmay_hedge_maze, uniq_gastronok
Lair:3:   layout_regular_city, gauntlet_entry_generic, uniq_amaemon
Lair:4:   layout_cave_pods, nicolae_spider_entry_tight_spaces,
          gammafunk_ghost_abyssal_escape, bobbens_dragon_lair_wall
Lair:5:   layout_regular_city, gammafunk_ghost_hive
Lair:6:   gammafunk_lair_ancient_temple, layout_regular_city, slime_altar_1
Shoals:1: layout_shoals, nicolae_shoals_lost_giant_baths,
          nicolae_shoals_square_sea_wall, nicolae_shoals_so_close, uniq_jorgrun
Shoals:2: layout_shoals, serial_shops, nicolae_square_shop, uniq_polyphemus
Shoals:3: layout_shoals
Shoals:4: shoals_end_simple, layout_shoals, nicolae_shoals_this_corrosion
Spider:1: layout_chambers, drop_trap, nicolae_spider_bug_shape
Spider:2: layout_spider_delve
Spider:3: layout_chambers
Spider:4: grunt_spider_rune_parallel, gammafunk_ghost_tricky_traps,
          nicolae_spider_altar_of_dancing, uniq_louise
Slime:1:  cheibrodos_slime_lost_civilization_9, layout_caves
Slime:2:  layout_caves
Slime:3:  layout_caves
Slime:4:  layout_caves
Slime:5
Orc:1:    layout_diamond_mine, mines1_david
Orc:2:    st_orc_town, layout_caves, serial_shops, shop, uniq_snorg
Elf:1:    minmay_elf_arrival_summoners, layout_onion_city, minivault_28,
          grunt_ministairs_12, lemuel_upstairs_altar
Elf:2:    nicolae_elf_blades_crystal_corner, layout_gridlike
Elf:3:    minmay_elf_hall, layout_gridlike, hellmonk_ghost_big_iron,
          grunt_ministairs_4
Vaults:1: nicolae_vaults_border_crossing, vaults_dpeg_hooks,
          nicolae_vaults_little_squares_3, nicolae_vaults_network_star,
          nicolae_vaults_what_the_h, v_pattern_4, grunt_vaults_funnel,
          vaults_room_grid, v_alt_pattern_5, v_misc_8, layout_vaults_omnigrid

Skill      XL: |  1  2  3  4  5  6  7  8  9 10 11 12 13 14 15 16 17 18 19 20 21 |
---------------+----------------------------------------------------------------+-----
Fighting       | 2 3 4 5 6 7 8 9 10 11 12 13 14 15 | 15.3
Unarmed Combat | 4 5 6 7 9 10 11 12 13 14 15 16 17 | 17.1
Throwing       | 2 3 5 7 8 10 11 12 13 14 15 | 15.8
Dodging        | 4 5 6 8 9 10 | 10.2
Spellcasting   | 5 |  5.0
Translocations | 1 4 |  4.1
Shields        | 7 10 12 15 | 15.3
Armour         | 8 10 12 | 12.0

Action                   |  1- 3 |  4- 6 |  7- 9 | 10-12 | 13-15 | 16-18 | 19-21 || total
-------------------------+-------+-------+-------+-------+-------+-------+-------++-------
Melee: Unarmed           |   100 |    79 |   193 |   327 |   660 |   664 |  1288 ||  3311
       Punch             |       |     2 |    12 |    28 |    12 |       |       ||    54
       Kick              |       |       |       |       |       |       |   513 ||   513
Throw: Large rock        |       |       |     1 |       |    19 |    16 |    53 ||    89
       Boomerang         |       |       |    27 |    80 |    70 |    83 |    99 ||   359
       Stone             |       |       |       |       |   666 |   218 |    35 ||   919
       Javelin           |       |       |       |       |     9 |    24 |    31 ||    64
       Throwing net      |       |       |       |       |       |       |     2 ||     2
 Cast: Blink             |       |       |       |       |       |     2 |       ||     2
Invok: Bend Time         |       |       |       |       |     1 |       |       ||     1
  Use: Scroll            |       |       |    18 |     7 |     9 |    11 |    21 ||    66
       Potion            |       |       |     1 |     1 |     1 |     6 |    10 ||    19
 Stab: Sleeping          |     1 |       |     1 |     1 |     5 |     6 |       ||    14
       Distracted        |       |       |       |     3 |       |     2 |       ||     5
       Invisible         |       |       |       |       |       |     1 |       ||     1
       Held in net/web   |       |       |       |       |       |     1 |       ||     1
Armor: Robe              |    41 |    17 |    60 |    66 |    82 |    52 |       ||   318
       Ice dragon scales |       |       |       |       |       |       |   294 ||   294
Dodge: Dodged            |    58 |    24 |    90 |   306 |   489 |   346 |   391 ||  1704
       Repelled          |       |       |       |       |       |       |    33 ||    33
Block: Tower shield      |       |       |       |       |   416 |  1136 |  1933 ||  3485

Table legend: (Time is in decaauts)
 A = Elapsed time spent in this place.
 B = Non-inter-level travel time spent in this place.
 C = Inter-level travel time spent in this place.
 D = Time resting spent in this place.
 E = Time spent auto-exploring this place.
 F = Levels seen in this place.
 G = Mean time per level.
                   A        B        C        D        E       F      G
               +--------+--------+--------+--------+--------+-----+--------+
         Total |  70246 |  62117 |   8129 |   4436 |  40709 |  42 | 1672.5 |
       Dungeon |  21510 |  18288 |   3222 |    498 |  14383 |  15 | 1434.0 |
          Lair |  12421 |  10508 |   1913 |    578 |   7895 |   6 | 2070.2 |
        Shoals |   7190 |   6893 |    297 |    788 |   3706 |   4 | 1797.5 |
   Spider Nest |   9949 |   8612 |   1337 |    750 |   5913 |   4 | 2487.2 |
    Slime Pits |   3091 |   3091 |      0 |   1259 |      0 |   5 |  618.2 |
  Orcish Mines |   4000 |   3193 |    807 |    123 |   1985 |   2 | 2000.0 |
   Elven Halls |   7162 |   6772 |    390 |    229 |   4483 |   3 | 2387.3 |
        Vaults |   2850 |   2691 |    159 |    135 |   1605 |   1 | 2850.0 |
      Ice Cave |   1516 |   1516 |      0 |     74 |    668 |   1 | 1516.0 |
      Gauntlet |    553 |    553 |      0 |      0 |     70 |   1 |  553.0 |
               +--------+--------+--------+--------+--------+-----+--------+

Top non-repeatable levels by time:
Spider:4: 3010 daAuts
Vaults:1: 2850 daAuts
   Orc:2: 2812 daAuts
   Elf:3: 2750 daAuts
  Lair:2: 2725 daAuts
     D:9: 2630 daAuts
Shoals:1: 2455 daAuts
Spider:2: 2408 daAuts
  Lair:4: 2399 daAuts
   Elf:1: 2370 daAuts
Spider:3: 2282 daAuts
Spider:1: 2248 daAuts
  Lair:6: 2221 daAuts
    D:12: 2188 daAuts
   Elf:2: 2041 daAuts
